AoeStats
← Taipei

Pilgrims

509188028Analyzed
3v3 RM · 7d ago on Sep 25, 2026· 34m 58s· 6 players
Game mode
Random Map
Map size
Normal (6 player)
Population
200
Speed
Normal
Resources
Standard
Victory
Conquest
Starting age
Dark Age
Ending age
Imperial Age
RankedLock teamsTeams togetherTeam positionsShared explorationLock speedFull tech treeHidden civsTurbo modeCheats
Victory
Defeat
🇷🇺 Varangians · Russia
932
+15
🇮🇪 Danes · Ireland
899
+16
🇬🇧 Huns · United Kingdom
885
+17
🇫🇷 Japanese · France
966
-18
🇫🇷 Mongols · France
873
-15
🇫🇷 Poles · France
871
-15
CocoMK
11:15 Feudal Age
15:40 Horse Collar
21:09 Castle Age
19:10 Double-Bit Axe
20:26 Forging
20:09 Fletching
20:19 Padded Archer Armor
30:28 Wheelbarrow
34:28 Imperial Age
Taipei
14:07 Feudal Age
14:50 Loom
19:45 Castle Age
18:19 Padded Archer Armor
18:09 Fletching
18:25 Scale Barding Armor
20:33 Stone Mining
20:38 Gold Mining
20:37 Double-Bit Axe
20:35 Horse Collar
21:38 Bodkin Arrow
21:59 Leather Archer Armor
26:18 Bow Saw
26:13 Heavy Plow
Le_Dov
5:32 Loom
16:18 Feudal Age
22:54 Double-Bit Axe
27:35 Castle Age
30:24 Castle Age
31:24 Arson
31:42 Squires
32:34 Wheelbarrow
Done
11:12 Feudal Age
11:41 Town Watch
11:57 Double-Bit Axe
15:54 Wheelbarrow
15:40 Fishing Lines
17:07 Loom
25:26 Castle Age
26:28 Hand Cart
26:25 Bow Saw
26:29 Fletching
27:12 Gillnets
27:45 Medium Warships
29:10 Town Patrol
31:21 Husbandry
31:30 Scale Barding Armor
32:17 Bloodlines
christian
9:02 Loom
14:02 Feudal Age
15:15 Double-Bit Axe
20:11 Castle Age
18:09 Gold Mining
19:20 Fishing Lines
19:52 Stone Mining
21:42 Bow Saw
22:25 Gillnets
25:32 Gold Shaft Mining
25:32 Stone Shaft Mining
24:41 Horse Collar
28:20 Imperial Age
26:27 Wheelbarrow
25:57 Gambesons
26:12 Squires
25:58 Arson
26:21 Scale Mail Armor
26:32 Forging
26:25 Hamask
28:53 Iron Casting
28:34 Chain Mail Armor
29:44 Elite Varangian Guard
shamannking1993
5:36 Loom
13:42 Feudal Age
15:16 Wheelbarrow
17:21 Castle Age
17:18 Fletching
17:30 Padded Archer Armor
18:47 Medium Warships
18:19 Fishing Lines
18:56 Hand Cart
18:44 Bodkin Arrow
19:20 Hand Cart
22:05 Gillnets
27:53 Husbandry
33:16 Imperial Age
Connection lost

Rejoining the realm…

Still unreachable

The connection could not be restored.

Session expired

The server has moved on; the page needs a fresh start.